[Event "Un Rapid per cominciare!"]
[Site "Chess.com"]
[Date "2020.04.10"]
[Round "1"]
[White "rob_fio"]
[Black "Niklas1205"]
[Result "1-0"]
[WhiteElo "1615"]
[BlackElo "1150"]
[TimeControl "720+3"]
[EndTime "11:29:40 PDT"]
[Termination "rob_fio ha vinto per scaccomatto"]

1. d4 d5 2. e3 f6 3. Bd3 e5 4. c3 b6 5. Nd2 c5 6. Bc2 cxd4 7.
cxd4 exd4 8. exd4 Qe7+ 9. Ne2 Qd8 10. O-O Nc6 11. Re1 f5 12. Bb3 Nb4 13. Nf4+ Be7 14.
Qh5+ g6 15. Nxg6 hxg6 16. Qxh8 Be6 17. Rxe6 Qd7 18. Qxg8# 1-0

[Event "Un Rapid per cominciare!"]
[Site "Chess.com"]
[Date "2020.04.10"]
[Round "1"]
[White "lucatarozzi"]
[Black "Delsoldato03"]
[Result "0-1"]
[WhiteElo "1179"]
[BlackElo "1261"]
[TimeControl "720+3"]
[EndTime "11:36:03 PDT"]
[Termination "Delsoldato03 ha vinto per abbandono"]

1. e4 e5 2. Nf3 Nc6 3. Bb5 a6 4. Bxc6 dxc6 5. O-O Bd6 6. Re1 Nf6 7. d4 Bg4 8. h3 Bxf3 9. Qxf3 Qd7 10. Bg5 O-O-O 11. Bxf6 gxf6 12. d5 cxd5 13. exd5 f5 14. c4 e4 15. Qe2 Rhg8 16. Nc3 Rg6 17. b3 Rdg8 18. g3 f4 19. Nxe4 fxg3 20. Nxd6+ Qxd6 21. fxg3 Qxg3+ 22. Kf1 0-1

[Event "Un Rapid per cominciare!"]
[Site "Chess.com"]
[Date "2020.04.10"]
[Round "1"]
[White "GuGe14"]
[Black "MarcoCiva"]
[Result "1-0"]
[WhiteElo "1795"]
[BlackElo "1952"]
[TimeControl "720+3"]
[EndTime "11:39:45 PDT"]
[Termination "GuGe14 ha vinto per abbandono"]

1. e4 c5 2. Nc3 Nc6 3. f4 e6 4.
Bc4 Nge7 5. d3 g6 6. Nf3 Bg7 7. Bb3 O-O 8. O-O Nd4 9. Nxd4 Bxd4+ 10. Kh1 e5 11. f5 Bxc3 12. bxc3 d6 13. Bg5 gxf5 14. exf5 Kh8 15. Bf6+ Kg8 16. Qg4+ Ng6 17. Bxd8 Bxf5 18. Qxf5 Raxd8 19. Bxf7+ Rxf7 20. Qxf7+ Kh8 21. Rab1 Rf8 22. Qxf8+ Nxf8 23. Rxf8+ Kg7 24. Rb8 b6 25. Rb7+ Kf6 26. Rxa7 1-0

[Event "Un Rapid per cominciare!"]
[Site "Chess.com"]
[Date "2020.04.10"]
[Round "1"]
[White "markk000"]
[Black "lionblu1"]
[Result "1-0"]
[WhiteElo "1527"]
[BlackElo "1134"]
[TimeControl "720+3"]
[EndTime "11:40:48 PDT"]
[Termination "markk000 ha vinto per abbandono"]

1. d4 Nf6 2. c4 e6 3. Nc3 Bb4 4. Bg5 c5 5. e3 O-O 6. Nf3 d6 7. Bd3 Nbd7 8. O-O Bxc3 9. bxc3 b6 10. d5 e5 11. Nd2 h6 12. Bh4 Re8 13. Qc2 g5 14.
Bg3 Nh5 15. Ne4 Qe7 16. f4 Nxg3 17. Nxg3 Nf6 18. fxg5 hxg5 19. Bf5 e4 20. Bxc8 Raxc8 21. Qf2 Ng4 22. Qe2 Ne5 23. Qh5 f6 24. Nf5 Qh7 25.
Qxh7+ Kxh7 26. Nxd6 Nd3 27. Nxc8 Rxc8 28. Rxf6 Kg7 29.
Raf1 Rh8 30. Rf7+ Kg6 31. g4 1-0

[Event "Un Rapid per cominciare!"]
[Site "Chess.com"]
[Date "2020.04.10"]
[Round "1"]
[White "Lorenzo_PR"]
[Black "SanSecondoPR"]
[Result "0-1"]
[WhiteElo "737"]
[BlackElo "1282"]
[TimeControl "720+3"]
[EndTime "11:43:50 PDT"]
[Termination "SanSecondoPR ha vinto per abbandono"]

1. e4 e5 2. Bc4 Nf6 3. d4 exd4 4. Nf3 Bc5 5. e5 Ne4 6. O-O d5 7. Re1 Bg4 8. Bxd5 Qxd5 9. Nc3 Qd7 10. Nxe4 Bb6 11. h3 Be6 12. Nfg5 O-O 13. Qh5 h6 14. Nxe6 Qxe6 15. Bf4 Nd7 16. Kh1 f5 17. exf6 Nxf6 18. Nxf6+ Qxf6 19. Bg3 d3 20. Qd5+ Kh8 21. Qxd3 Bxf2 22.
Bxf2 Qxf2 23. Rf1 Qc5 24. Rad1 Rae8 25. c3 Qe7 26. Rxf8+ Rxf8 27. Qd7 Qe2 28. Qd2 Rf1+ 29. Kh2 Qxd1 0-1

[Event "Un Rapid per cominciare!"]
[Site "Chess.com"]
[Date "2020.04.10"]
[Round "1"]
[White "Piccolorso"]
[Black "sergiodone"]
[Result "1-0"]
[WhiteElo "1463"]
[BlackElo "1385"]
[TimeControl "720+3"]
[EndTime "11:44:19 PDT"]
[Termination "Piccolorso ha vinto per abbandono"]

1. e4 c5 2. Nf3 d6 3. d4 cxd4 4. Nxd4 e6 5. Nc3 a6 6. Be2 Be7 7. Be3 Qc7 8. Qd2 Nf6 9. f3 Nbd7 10. O-O-O b5 11. g4 Bb7 12. h3 Rc8 13. Ndxb5 axb5 14. Nxb5 Qb8 15. e5 Nxe5 16. Nxd6+ Bxd6 17. Qxd6 Nxf3 18. Bb5+ Bc6 19. Bxc6+ Rxc6 20. Qxc6+ Kf8 21. Bc5+ Kg8 22. Qb6 h6 23. Qxb8+ Kh7 24. Qc7 Ng5 25. Be7 Nd5 26. Qa7 Ne4 27. Rdf1 Nef6 28. Bxf6 Nxf6 29. Rhg1 Kg6 30.
h4 Rf8 31. Qe3 Kh7 32. g5 hxg5 33. Qxg5 Rg8 34. Rxf6 1-0

[Event "Un Rapid per cominciare!"]
[Site "Chess.com"]
[Date "2020.04.10"]
[Round "1"]
[White "caramante"]
[Black "francesco_visen"]
[Result "0-1"]
[WhiteElo "1137"]
[BlackElo "1552"]
[TimeControl "720+3"]
[EndTime "11:45:41 PDT"]
[Termination "francesco_visen ha vinto per abbandono"]

1. Nf3 d5 2. d4 Nf6 3. g3 e6 4. Bg2 Nc6 5. c3 Bd6 6. Bg5 O-O 7. Nbd2 h6 8. Bxf6 Qxf6 9. e4 Qd8 10. e5 Be7 11.
O-O a5 12. a3 Bd7 13. Qe2 a4 14. Rac1 Na5 15. Rfd1 c6 16. c4 Qb6 17. Rc2 Nxc4 18. Nxc4 dxc4 19. Qxc4 Rfd8 20. Rcd2 Be8 21. h4 Ra5 22. g4 c5 23. g5 hxg5 24. Nxg5 cxd4 25. Qd3 Bxg5 26. hxg5 Rxe5 27. Qg3 Rf5 28. Be4 Rb5 29.
Qh4 g6 30. Kg2 Bc6 31. Rh1 Bxe4+ 32. Qxe4 Rxg5+ 33. Kf1 Rc8 34. Rc2 Qb5+ 35. Ke1 Re5 36. Rxc8+ Kg7 37. Qxe5+ Qxe5+ 38. Kd2 Qf4+ 39. Ke1 Qe4+ 40.
Kd2 Qxh1 0-1

[Event "Un Rapid per cominciare!"]
[Site "Chess.com"]
[Date "2020.04.10"]
[Round "1"]
[White "Jody94"]
[Black "freudstein"]
[Result "0-1"]
[WhiteElo "977"]
[BlackElo "1372"]
[TimeControl "720+3"]
[EndTime "11:45:45 PDT"]
[Termination "freudstein ha vinto per abbandono"]

1. e4 e6 2. d4 d5 3. e5 c5 4. Nf3 Nc6 5. dxc5 Bxc5 6. Bg5 Nge7 7. Bb5 Qc7 8. O-O O-O 9. Re1 Ng6 10. Bxc6 bxc6 11. a3 Rb8 12. b4 Be7 13. Nc3 Ba6 14. Qd4 h6 15. Bxe7 Qxe7 16. Rab1 Rfc8 17. Na4 Bb5 18.
c3 Bxa4 19. Qc5 Qxc5 20. bxc5 Bb5 21. Re2 Bxe2 22. Rxb8 Rxb8 23. Nd2 Nxe5 24. f4 Nc4 25. Kf2 0-1

[Event "Un Rapid per cominciare!"]
[Site "Chess.com"]
[Date "2020.04.10"]
[Round "1"]
[White "sirmale49"]
[Black "ottovolante"]
[Result "1-0"]
[WhiteElo "1389"]
[BlackElo "987"]
[TimeControl "720+3"]
[EndTime "11:46:17 PDT"]
[Termination "sirmale49 ha vinto per scaccomatto"]

1. e4 d6 2. f4 e6 3. Nf3 Nc6 4. Bb5 Bd7 5. O-O a6 6. Bc4 Be7 7. d4 h6 8. Nc3 Na5 9. Bd3 Nc6 10. d5 Nb4 11. Bc4 b5 12. Bb3 a5 13. a3 Na6 14.
dxe6 Bxe6 15. Bxe6 fxe6 16. Nd4 Qd7 17. Qh5+ Kd8 18.
Qf7 Bf6 19. Qxd7+ Kxd7 20. Ndxb5 Nc5 21. e5 Be7 22. Rd1 h5 23. Be3 d5 24. f5 c6 25.
fxe6+ Kxe6 26. Nc7+ Kd7 27. Nxa8 Nh6 28. Nb6+ Kc7 29.
Nba4 Nxa4 30. Nxa4 Nf5 31. Bb6+ Kb7 32. Rf1 g6 33. Bxa5 Ra8 34. b4 Ne3 35. Rf7 Re8 36. c3 Nc4 37. Rg7 Nxa5 38. bxa5 Kc8 39. Rxg6 Kd7 40.
Nb6+ Kc7 41. Na4 h4 42. Rg7 Kd7 43. Nc5+ Kc7 44. a6 Kb6 45. Ne6 Bc5+ 46. Nxc5 Kxc5 47. a7 Ra8 48. Rb1 Kc4 49. Rb8 Rxa7 50. Rxa7 Kxc3 51. Rc7 d4 52. Rxc6+ Kd3 53. Rd8 Ke4 54.
e6 d3 55. e7 Ke3 56. e8=Q+ Kd2 57. Rxd3+ Kxd3 58. Qd7+ Ke3 59. Re6+ Kf4 60. Qf7+ Kg4 61. Rg6+ Kh5 62. Rg8+ Kh6 63. Qg7+ Kh5 64. Qg5# 1-0

[Event "Un Rapid per cominciare!"]
[Site "Chess.com"]
[Date "2020.04.10"]
[Round "2"]
[White "Jody94"]
[Black "lucatarozzi"]
[Result "0-1"]
[WhiteElo "973"]
[BlackElo "1198"]
[TimeControl "720+3"]
[EndTime "11:52:29 PDT"]
[Termination "lucatarozzi ha vinto per scaccomatto"]

1. e4 e5 2. Nf3 Nc6 3. Bc4 d6 4. h3 Nd4 5. Ng5 Qxg5 6. d3 Qxg2 7. c3 Nf3+ 8. Ke2 Bxh3 9. Rf1 Bg4 10. Qb3 Nd4+ 11. Ke1 Nxb3 12. axb3 Qf3 13. Kd2 Qe2# 0-1

[Event "Un Rapid per cominciare!"]
[Site "Chess.com"]
[Date "2020.04.10"]
[Round "2"]
[White "Niklas1205"]
[Black "Ollarov"]
[Result "0-1"]
[WhiteElo "1125"]
[BlackElo "1829"]
[TimeControl "720+3"]
[EndTime "11:52:48 PDT"]
[Termination "Ollarov ha vinto per scaccomatto"]

1. c3 Nf6 2. e3 g6 3. d4 Bg7 4. f3 O-O 5. e4 d6 6. e5 dxe5 7. g3 exd4 8. cxd4 Nc6 9. d5 Nxd5 10. Bc4 e6 11. a3 a6 12. b4 b5 13. Bf1 Bb7 14. Nd2 Bxa1 15. Nb3 Bc3+ 16. Kf2 Qf6 17. f4 Rad8 18. Bg2 Ndxb4 19. Qf3 Nd3+ 20. Kf1 Nxc1 21. Ne2 Nxb3 22. Nxc3 Nd2+ 23. Kf2 Nxf3 24. Bxf3 Qxc3 25. Be2 Nd4 26. Bg4 Bxh1 27. Kg1 Qe1# 0-1

[Event "Un Rapid per cominciare!"]
[Site "Chess.com"]
[Date "2020.04.10"]
[Round "2"]
[White "ottovolante"]
[Black "mr6701"]
[Result "0-1"]
[WhiteElo "982"]
[BlackElo "1294"]
[TimeControl "720+3"]
[EndTime "11:58:23 PDT"]
[Termination "mr6701 ha vinto per scaccomatto"]

1. e4 d5 2. e5 c5 3. Nf3 Nc6 4. Bb5 a6 5. Bxc6+ bxc6 6. a3 Bg4 7. d3 Qc7 8. Qe2 Bxf3 9. Qxf3 Qxe5+ 10. Qe3 Qd6 11. O-O Nf6 12. Qf4 e6 13. Qxd6 Bxd6 14. Bg5 Ng4 15. g3 Ne5 16. Kg2 c4 17. d4 Ng6 18.
Bf4 Nxf4+ 19. gxf4 Bxf4 20. b3 cxb3 21. cxb3 O-O 22. b4 a5 23. Kf3 Bh6 24. Nc3 Bd2 25. Ne2 axb4 26. axb4 Bxb4 27. Rab1 c5 28. Nf4 Ra3+ 29.
Kg4 Ra4 30. Rfd1 Ba5 31. Ne2 e5 32. f4 f5+ 33. Kf3 e4+ 34. Kf2 cxd4 35. Kf1 d3 36.
Ng3 d2 37. Rb5 e3 38. Ke2 d4 39. Nxf5 g6 40. Ne7+ Kf7 41. Nc6 Bc3 42. f5 gxf5 43.
Rxf5+ Ke8 44. Re5+ Kd7 45. Nxd4 Rxd4 46. Rxe3 Re8 47. Rxe8 Kxe8 48. Ke3 Rd7 49. h4 Re7+ 50.
Kf2 Re1 51. Rxe1+ dxe1=Q+ 52. Kg2 Qxh4 53. Kf1 Qg4 54. Kf2 Bd4+ 55. Kf1 Qf3+ 56. Ke1 Bc3# 0-1

[Event "Un Rapid per cominciare!"]
[Site "Chess.com"]
[Date "2020.04.10"]
[Round "2"]
[White "lionblu1"]
[Black "Luca090267"]
[Result "1-0"]
[WhiteElo "1273"]
[BlackElo "1008"]
[TimeControl "720+3"]
[EndTime "11:59:41 PDT"]
[Termination "lionblu1 ha vinto per abbandono"]

1. d4 Nf6 2. c4 g6 3. Nc3 Bg7 4. e4 d6 5. Be2 O-O 6. Bg5 e5 7. dxe5 dxe5 8. Qxd8 Rxd8 9. Nd5 Rxd5 10. exd5 Nfd7 11.
O-O-O f5 12. Nf3 Nc5 13. Nd2 Nbd7 14. b4 Na4 15. Kc2 e4 16. f3 Nc3 17. Rde1 Nxe2 18.
Rxe2 h6 19. Be3 exf3 20. gxf3 Nf6 21. Rg1 Bd7 22. Rxg6 a6 23. Bxh6 Nh5 24. Re7 Be8 25. Rgxg7+ Nxg7 26. Rxg7+ Kh8 1-0

[Event "Un Rapid per cominciare!"]
[Site "Chess.com"]
[Date "2020.04.10"]
[Round "2"]
[White "sergiodone"]
[Black "caramante"]
[Result "0-1"]
[WhiteElo "1322"]
[BlackElo "1390"]
[TimeControl "720+3"]
[EndTime "12:03:30 PDT"]
[Termination "caramante ha vinto per abbandono"]

1. e4 c5 2. Nf3 d6 3. Bc4 e6 4. c3 a6 5. d4 b5 6. Bb3 c4 7. Bc2 Bb7 8. h3 Be7 9. Qe2 Qc7 10.
Nbd2 Nf6 11. O-O Nbd7 12. Re1 O-O 13. e5 Nd5 14. Ne4 dxe5 15. dxe5 Nxe5 16. Nxe5 Qxe5 17. g3 Qc7 18. Qh5 g6 19. Qh6 Rfd8 20. Ng5 Nf6 21. Qh4 h5 22. Qf4 Qxf4 23. gxf4 Rd7 24. Be3 Nd5 25.
Rad1 Rad8 26. h4 Nf6 27. Bd4 Ng4 28. Be4 Bxg5 29. f5 Bxe4 30. Rxe4 gxf5 31. Re2 Bxh4 32. Kg2 e5 33. f3 exd4 34. fxg4 d3 35. Re5 Rd5 36.
Rxf5 Rxf5 37. gxf5 Kg7 38. Kf3 Kf6 39. Ke4 Re8+ 40.
Kf3 Re1 41. Rd2 Bg5 42. Rg2 d2 0-1

[Event "Un Rapid per cominciare!"]
[Site "Chess.com"]
[Date "2020.04.10"]
[Round "2"]
[White "MarcoCiva"]
[Black "SanSecondoPR"]
[Result "1-0"]
[WhiteElo "1958"]
[BlackElo "1267"]
[TimeControl "720+3"]
[EndTime "12:05:18 PDT"]
[Termination "MarcoCiva ha vinto per abbandono"]

1. d4 d5 2. c4 e5 3. e3 Bb4+ 4. Nc3 Nc6 5. a3 Bxc3+ 6. bxc3 Nf6 7. Bd3 e4 8. Be2 O-O 9. f3 Ne7 10. cxd5 exf3 11. Nxf3 Nexd5 12. Qc2 Re8 13. Ne5 Bf5 14. Qxf5 Nxc3 15. Qc2 Nfd5 16. O-O Qh4 17. Bc4 f6 18. Bxd5+ Nxd5 19. Qc4 c6 20. Nf3 Qe4 21. Re1 Kh8 22.
Qb3 Nf4 23. exf4 Qxe1+ 24. Nxe1 Rxe1+ 25. Kf2 Rae8 26. Qxb7 R8e2+ 27. Kg3 Re7 28. Qxc6 h5 29.
Bb2 R1e3+ 30. Kf2 Re2+ 31. Kf1 R2e4 32. g3 h4 33. Qd5 hxg3 34. hxg3 f5 35. Qxf5 Re2 36.
Qh5+ Kg8 37. Qxe2 1-0

[Event "Un Rapid per cominciare!"]
[Site "Chess.com"]
[Date "2020.04.10"]
[Round "2"]
[White "francesco_visen"]
[Black "freudstein"]
[Result "1-0"]
[WhiteElo "1568"]
[BlackElo "1366"]
[TimeControl "720+3"]
[EndTime "12:06:01 PDT"]
[Termination "francesco_visen ha vinto per abbandono"]

1. e4 e6 2. d4 d5 3. e5 c5 4. Nf3 Nc6 5. c3 cxd4 6. cxd4 Nge7 7. Bb5 Qb6 8. Nc3 Nf5 9. O-O Be7 10. Bxc6+ bxc6 11. Re1 Ba6 12. Na4 Qc7 13. Nc5 Bxc5 14.
dxc5 O-O 15. Bd2 Rab8 16. b3 Rb5 17. Rc1 Rbb8 18. Qc2 Rbd8 19. g4 Ne7 20. Nd4 Ng6 21. f4 Rc8 22. Qc3 Qe7 23. f5 exf5 24. gxf5 Nxe5 25.
Nxc6 Rxc6 26. Rxe5 Qd7 27. Rce1 d4 28. Qg3 f6 1-0

[Event "Un Rapid per cominciare!"]
[Site "Chess.com"]
[Date "2020.04.10"]
[Round "2"]
[White "sirmale49"]
[Black "rob_fio"]
[Result "1-0"]
[WhiteElo "1429"]
[BlackElo "1562"]
[TimeControl "720+3"]
[EndTime "12:07:58 PDT"]
[Termination "sirmale49 ha vinto per abbandono"]

1. e4 d6 2. f4 Nf6 3. Nc3 Nbd7 4. d4 c6 5. Nf3 Qc7 6. Bc4 h6 7. O-O e5 8. dxe5 dxe5 9. f5 Be7 10. h3 a5 11. Be3 b5 12. Be2 b4 13. Na4 Nxe4 14. Qe1 Ndc5 15. b3 Nxa4 16. bxa4 Bxf5 17. Bd3 Bg6 18.
Bxe4 Bxe4 19. Qf2 O-O 20. Rac1 Bd5 21. c3 bxc3 22. Rxc3 Bf6 23. Bb6 Qc8 24. Qd2 Qe6 25. Bf2 e4 26. Nd4 Bxd4 27. Qxd4 Qg6 28. Be3 Bxa2 29.
Rf4 Rad8 30. Qe5 Bd5 31. Rg4 f6 32. Qg3 Qh7 33. Qh4 f5 34. Rg3 Rf6 35. Bd4 Rg6 36.
Qxd8+ Kf7 37. Qd7+ Kf8 38. Qxf5+ Kg8 39. Rxg6 Bf7 40.
Rxg7+ Qxg7 41. Bxg7 Kxg7 42. Qxe4 Kf6 43. Rxc6+ Kg7 44.
Qe7 Kg8 45. Rc8+ Kg7 46. Qf8+ Kf6 47. Rc6+ 1-0

[Event "Un Rapid per cominciare!"]
[Site "Chess.com"]
[Date "2020.04.10"]
[Round "2"]
[White "Delsoldato03"]
[Black "markk000"]
[Result "0-1"]
[WhiteElo "1193"]
[BlackElo "1533"]
[TimeControl "720+3"]
[EndTime "12:11:30 PDT"]
[Termination "markk000 ha vinto per scaccomatto"]

1. d4 Nf6 2. c4 g6 3. Nc3 Bg7 4. e4 O-O 5. Be3 d6 6. f3 Nbd7 7. Bd3 c5 8. Nge2 Qb6 9. Qd2 Nh5 10. d5 Ne5 11. Rb1 f5 12. O-O fxe4 13. Bxe4 Nxc4 14. Qc1 Nxe3 15. Qxe3 Nf6 16. Bc2 Qc7 17. Rfe1 Nh5 18. Kh1 a6 19. Ng1 Re8 20. Ne4 Bf5 21.
Re2 Bxe4 22. fxe4 Rf8 23. Nf3 Nf4 24. Ree1 Rae8 25. b3 b5 26. Bd3 Bc3 27. Rec1 Bg7 28.
Ng5 Bd4 29. Qxd4 cxd4 30. Rxc7 Nxd3 31. Nf3 Nf2+ 32. Kg1 Nxe4 33. Nxd4 Nc5 34. Ne6 Nxe6 35. dxe6 Rf6 36. Re1 Kf8 37. Ra7 Rc8 38. Rxa6 Rc2 39.
Ra5 Rff2 40. Ra8+ Kg7 41. Rf1 Rxg2+ 42. Kh1 Rxh2+ 43. Kg1 Rcg2# 0-1

[Event "Un Rapid per cominciare!"]
[Site "Chess.com"]
[Date "2020.04.10"]
[Round "2"]
[White "Piccolorso"]
[Black "GuGe14"]
[Result "0-1"]
[WhiteElo "1398"]
[BlackElo "1870"]
[TimeControl "720+3"]
[EndTime "12:13:03 PDT"]
[Termination "GuGe14 ha vinto per abbandono"]

1. e4 c6 2. d4 d5 3. e5 Bf5 4. Bd3 Bxd3 5. Qxd3 e6 6. Nf3 c5 7. c3 Nc6 8. a3 Nge7 9. b4 c4 10. Qc2 Nf5 11. O-O h6 12. Nbd2 g5 13. h3 Nce7 14. Nh2 Ng6 15. Ng4 Be7 16. Nf6+ Bxf6 17. exf6 Qxf6 18. Nf3 Nfh4 19. Qe2 Nxf3+ 20. Qxf3 Qxf3 21. gxf3 Nh4 22. f4 Rg8 23. Kh1 Kd7 24. Rg1 f6 25. Be3 Nf5 26. fxg5 Nxe3 27. fxe3 Rxg5 28. Rxg5 hxg5 29.
Kg2 Rg8 30. Kg3 f5 31. a4 g4 32. h4 Kd6 33. h5 e5 34. h6 Rh8 35. Rh1 Ke6 36.
h7 e4 37. Rh5 Kf6 38. Kf4 Kg6 39. Rxf5 Rxh7 40. Rg5+ Kf6 41. Rxg4 Rh3 42. Rg3 Rh2 43. Rg6+ Kxg6 44. Ke5 Ra2 45. a5 Rc2 46. Kxd5 Rxc3 47.
Kxe4 Rc1 48. d5 c3 49. d6 c2 50. Kd3 Rd1+ 51. Kxc2 Rxd6 52. Kc3 Kf5 53. Kc4 Ke4 54.
b5 Kxe3 55. Kc5 Rh6 56. b6 axb6+ 57. axb6 Ke4 58. Kb5 Ke5 59. Kc5 Ke4 60. Kb5 Kd5 61. Ka5 Kc5 62. Ka4 Rxb6 0-1

[Event "Un Rapid per cominciare!"]
[Site "Chess.com"]
[Date "2020.04.10"]
[Round "3"]
[White "francesco_visen"]
[Black "sirmale49"]
[Result "1-0"]
[WhiteElo "1585"]
[BlackElo "1413"]
[TimeControl "720+3"]
[EndTime "12:19:53 PDT"]
[Termination "francesco_visen ha vinto per scaccomatto"]

1. e4 d5 2. exd5 Qxd5 3. Nc3 Qd6 4. d4 c6 5. Nf3 Bg4 6. Be2 Nf6 7. O-O e6 8. Bg5 Nbd7 9. Re1 h6 10. Bxf6 Nxf6 11.
Ne5 Bxe2 12. Qxe2 Nd5 13. Nxd5 cxd5 14. Qb5+ Ke7 15. Qxb7+ Kf6 16. Qxf7+ Kg5 17. h4+ Kxh4 18. g3+ Kg5 19. Qg6# 1-0

[Event "Un Rapid per cominciare!"]
[Site "Chess.com"]
[Date "2020.04.10"]
[Round "3"]
[White "ottovolante"]
[Black "Niklas1205"]
[Result "1-0"]
[WhiteElo "992"]
[BlackElo "915"]
[TimeControl "720+3"]
[EndTime "12:25:10 PDT"]
[Termination "ottovolante ha vinto per abbandono"]

1. e4 f6 2. d4 c6 3. Bc4 d5 4. exd5 cxd5 5. Bb5+ Bd7 6. Qh5+ g6 7. Qxd5 Nh6 8.
Qxb7 Ng4 9. Qxa8 Bxb5 10. d5 Qa5+ 11. c3 Qc7 12. Nf3 e6 13. a4 Bd7 14. Be3 Bd6 15.
Qxa7 Qd8 16. Qd4 e5 17. Qb6 Qe7 18. Nbd2 O-O 19. Nc4 Bc5 20. Bxc5 Qe8 21. Bxf8 Qxf8 22. d6 Nc6 23. Qc7 Qf7 24. Nb6 Na5 25. Qxd7 Qf8 26. Qe6+ Kg7 27. Nd7 Qh8 28. Qxg4 f5 29. Qg5 Qe8 30.
Qf6+ Kh6 31. Ndxe5 Qxa4 32. Qg5+ Kg7 33. d7 Qe4+ 34.
Qe3 Nb7 35. Qxe4 fxe4 36. Ng5 e3 37. fxe3 1-0

[Event "Un Rapid per cominciare!"]
[Site "Chess.com"]
[Date "2020.04.10"]
[Round "3"]
[White "caramante"]
[Black "Delsoldato03"]
[Result "1-0"]
[WhiteElo "1454"]
[BlackElo "1125"]
[TimeControl "720+3"]
[EndTime "12:25:21 PDT"]
[Termination "caramante ha vinto per abbandono"]

1. Nf3 Nf6 2. d4 d5 3. g3 Nbd7 4. Bg2 c5 5. c3 e6 6. O-O Be7 7. Re1 O-O 8. Ne5 Qc7 9. Nxd7 Bxd7 10. h3 Rac8 11. Be3 cxd4 12. Bxd4 a6 13. Nd2 Bb5 14. Bxf6 Bxf6 15. e4 Rfd8 16. exd5 exd5 17. Qf3 Bc6 18. Qg4 Qb6 19. Nb3 d4 20. Nxd4 Bxg2 21. Kxg2 Qxb2 22. Nf5 Rd2 23. Nh6+ Kf8 24. Qxc8+ Bd8 25.
Ng4 h5 26. Qc5+ Kg8 27. Re8+ 1-0

[Event "Un Rapid per cominciare!"]
[Site "Chess.com"]
[Date "2020.04.10"]
[Round "3"]
[White "Luca090267"]
[Black "sergiodone"]
[Result "1-0"]
[WhiteElo "1278"]
[BlackElo "1258"]
[TimeControl "720+3"]
[EndTime "12:29:42 PDT"]
[Termination "Luca090267 ha vinto per abbandono"]

1. e4 c5 2. Nc3 d6 3. g3 e6 4.
Bg2 Be7 5. d3 a6 6. f4 Nc6 7.
Nf3 Qc7 8. O-O h5 9. h3 Nf6 10. Be3 b5 11. Qd2 Bb7 12. a3 Rd8 13. Qf2 Nb8 14.
Nd2 Nbd7 15. Rad1 O-O 16. Nb3 d5 17. exd5 Nxd5 18. Nxd5 Bxd5 19. Bxd5 e5 20. Bg2 Bd6 21.
c3 c4 22. dxc4 bxc4 23. Nd2 exf4 24. Bxf4 Ne5 25. Ne4 Nd3 26. Bxd6 Rxd6 27. Qc2 Qb6+ 28. Kh2 Rg6 29. b4 Qc7 30. Rf3 h4 31. Rdxd3 cxd3 32. Qxd3 hxg3+ 33. Rxg3 Re8 34. Qf3 Rxe4 35. Qxe4 Qxg3+ 36. Kh1 Qf2 37. Qf3 Qe1+ 38. Kh2 Rf6 39. Qa8+ Kh7 40. Qe4+ g6 41. Qxe1 1-0

[Event "Un Rapid per cominciare!"]
[Site "Chess.com"]
[Date "2020.04.10"]
[Round "3"]
[White "lucatarozzi"]
[Black "Piccolorso"]
[Result "0-1"]
[WhiteElo "1181"]
[BlackElo "1473"]
[TimeControl "720+3"]
[EndTime "12:29:49 PDT"]
[Termination "Piccolorso ha vinto per abbandono"]

1. d4 Nf6 2. Nf3 e6 3. Bf4 b6 4. e3 Bb7 5. Nbd2 d5 6. c3 c5 7.
Bd3 Ne4 8. O-O Bd6 9. Ne5 Nxd2 10. Qxd2 O-O 11. Qc2 f5 12. Qe2 Nd7 13. Qh5 Bxe5 14. dxe5 Qc7 15. c4 Qc6 16. Be2 dxc4 17. Bf3 Qc7 18. Bxb7 Qxb7 19. Rad1 Rad8 20. Qe2 Qe4 21. Bg5 Nxe5 22. Bxd8 Nd3 23. Bg5 h6 24. Bf4 e5 25.
Rxd3 cxd3 26. Qd2 exf4 27. exf4 c4 28. Qb4 Qc6 29. g3 a5 30. Qc3 Re8 31. a3 Qc5 32. h4 Re2 33. b4 axb4 34. axb4 Qd5 35. Qa3 b5 36. Qa6 d2 37. Qc8+ Kh7 38. Qc5 d1=Q 39. Rxd1 Qxd1+ 40. Kg2 Qd7 41. h5 Rd2 42. Qe5 Qd5+ 43.
Qxd5 Rxd5 44. Kf1 Rd3 45. Ke2 Rb3 0-1

[Event "Un Rapid per cominciare!"]
[Site "Chess.com"]
[Date "2020.04.10"]
[Round "3"]
[White "mr6701"]
[Black "MarcoCiva"]
[Result "1/2-1/2"]
[WhiteElo "1458"]
[BlackElo "1909"]
[TimeControl "720+3"]
[EndTime "12:30:28 PDT"]
[Termination "Patta per materiale insufficiente"]

1. e4 e5 2. d4 d6 3. Nf3 Nc6 4. Bc4 Bg4 5. dxe5 Nxe5 6. Be2 Nf6 7. Nc3 Be7 8. Bf4 O-O 9. Nxe5 dxe5 10. Bxe5 Bxe2 11.
Qxe2 Bb4 12. O-O Qe7 13. f4 Bxc3 14. bxc3 Rad8 15. Rae1 Nd7 16. Bd4 c5 17. Bf2 Qe6 18. Qb5 b6 19. a4 Rfe8 20. a5 Qa2 21. axb6 axb6 22. Qb3 Qxb3 23. cxb3 Nf6 24. e5 Nd5 25. c4 Nxf4 26. Re3 Nd3 27. Bh4 f6 28. Rd1 Nxe5 29. Rde1 Kf7 30. Bg3 Ng4 31. Rxe8 Rxe8 32. Rxe8 Kxe8 33. Bc7 Ne5 34. Bxb6 Nd3 35. Kf1 Kd7 36.
g3 Kc6 37. Ba5 Nc1 38. b4 cxb4 39. Bxb4 Nd3 40. Bf8 g6 41. g4 Ne5 42. h3 Nxc4 43.
Bg7 Ne3+ 44. Kf2 Nd5 45. Kf3 Kd6 46. Ke4 Ke6 47. Bf8 h5 48. gxh5 gxh5 49. Ba3 f5+ 50.
Kf3 Nf6 51. Kf4 Nd5+ 52. Kg5 Nf6 53. Bb2 Ne4+ 54. Kxh5 f4 55. Kg4 Nf2+ 56. Kxf4 Nxh3+ 1/2-1/2

[Event "Un Rapid per cominciare!"]
[Site "Chess.com"]
[Date "2020.04.10"]
[Round "3"]
[White "SanSecondoPR"]
[Black "rob_fio"]
[Result "1-0"]
[WhiteElo "1565"]
[BlackElo "1523"]
[TimeControl "720+3"]
[EndTime "12:31:48 PDT"]
[Termination "SanSecondoPR ha vinto per abbandono"]

1. e4 d6 2. d4 Nf6 3. Nc3 Nbd7 4. Bb5 c6 5. Ba4 e5 6. Nf3 h6 7. O-O Qc7 8. d5 c5 9. b4 a6 10. bxc5 Qxc5 11. Qe1 b5 12. Be3 Qc7 13. Bb3 Be7 14.
a4 b4 15. Na2 a5 16. c4 Nc5 17. Bxc5 Qxc5 18. Nc1 Bg4 19. Nd3 Qc8 20. Qe3 Bh5 21. h3 O-O 22. Rac1 Bxf3 23. Qxf3 Qd7 24. c5 Nh7 25. c6 Qc8 26. c7 Ra7 27. Rc6 Rxc7 28.
Rfc1 Rxc6 29. dxc6 Ng5 30. Qf5 Qc7 31. Qd7 Qxd7 32.
cxd7 Rd8 33. Rc8 Nh7 34. f4 Nf8 35. Rxd8 Bxd8 36. fxe5 Nxd7 37. e6 Nc5 38. exf7+ Kf8 39. Nxc5 dxc5 40. Kf2 Bb6 41. Kf3 Bc7 42. Kg4 Be5 43.
Kf5 Bd6 44. e5 Be7 45. e6 Bf6 46. g3 Ke7 47. h4 Bc3 48. Kg6 Bd4 49. Kh7 Kf8 50.
e7+ Kxe7 51. Kg8 1-0

[Event "Un Rapid per cominciare!"]
[Site "Chess.com"]
[Date "2020.04.10"]
[Round "3"]
[White "Ollarov"]
[Black "lionblu1"]
[Result "1-0"]
[WhiteElo "1861"]
[BlackElo "1250"]
[TimeControl "720+3"]
[EndTime "12:35:00 PDT"]
[Termination "Ollarov ha vinto per abbandono"]

1. e4 c5 2. a3 e6 3. b4 cxb4 4. axb4 Bxb4 5. Bb2 Nf6 6. e5 Nd5 7. c4 Ne7 8. Nc3 Nbc6 9. Nb5 Bc5 10. Nf3 O-O 11. Bd3 Ng6 12. O-O d6 13. Bxg6 hxg6 14.
d4 Bb6 15. Nxd6 Bc7 16. Ba3 Bxd6 17. Bxd6 Re8 18. Qd2 Ne7 19. Qf4 Nf5 20. g4 Nxd6 21. exd6 Qf6 22. Qg3 b6 23. Ne5 Bb7 24. d7 Red8 25.
c5 bxc5 26. dxc5 Bd5 27. Rfc1 Rab8 28. Ra3 Qg5 29. f4 Qe7 30. Rac3 Rb5 31. c6 Rb2 32. c7 1-0